 Dungeon Sprint DCSS version 0.30-a0-900-g23479c02f2 (webtiles) character file.

Game seed: 8597439430384291726

508 dialectric the Fighter (level 7, 0/45 HPs)
             Began as a Gargoyle Fighter on Mar 18, 2023.
             Slain by a boulder beetle (15 damage)
             ... in the Dungeon (Sprint II: "The Violet Keep of Menkaure").
             The game lasted 00:00:20 (52 turns).

dialectric the Fighter (Gargoyle Fighter)             Turns: 52, Time: 00:00:21

Health: 0/45       AC: 13    Str: 20    XL:     7   Next: 18%
Magic:  6/6        EV: 12    Int:  8    God:
Gold:   243        SH:  0    Dex: 11    Spells: 6/6 levels left

rFire   . . .      SeeInvis .    a - +0 long sword
rCold   . . .      Faith    .    (no shield)
rNeg    + . .      Spirit   .    b - +0 scale mail
rPois   ∞          Reflect  .    (no helmet)
rElec   +          Rampage  .    (no cloak)
rCorr   .          NoTele   +    (no gloves)
Will    .....                    (no boots) Stlth
                                 (no amulet)
HPRegen 0.00/turn                (no ring)
MPRegen 0.10/turn                (no ring)

@: mighty, inhibited regen
A: sickness immunity, AC +4, negative energy resistance 1, electricity
resistance, torment resistance 1, petrification resistance, frail 1, low MP 1,
inhibited regeneration, subdued magic 1
a: no special abilities


You were in the Dungeon.
You visited 1 branch You collected 243 gold pieces.

Inventory:

Hand Weapons
 a - a +0 long sword (weapon)
Armour
 b - a +0 scale mail (worn)
 c - a +0 buckler
Scrolls
 j - a scroll of blinking
Potions
 e - a potion of curing
 g - a potion of haste
 h - 2 potions of magic


   Skills:
 + Level 9.4 Fighting
 + Level 6.3 Long Blades
 + Level 9.0 Armour
 * Level 6.2 Dodging
 - Level 3.2 Shields


You had 6 spell levels left.
You didn't know any spells.
Your spell library was empty.

Dungeon Overview and Level Annotations

Branches:
Dungeon (1/1)

Altars:


Innate Abilities, Weirdness & Mutations

You are immune to sickness and miasma.
Your stone body is resilient. (AC +4)
You are immune to poison.
You resist negative energy. (rN+)
You are resistant to electric shocks. (rElec)
You are resistant to unholy torment.
You are immune to petrification.
You are frail. (-10% HP)
Your magical capacity is low. (-10% MP)
You do not regenerate when monsters are visible.
Your spells are a little easier to cast, but a little less powerful.


Message History

The neqoxec barely misses you.
Unknown command.
You barely miss the neqoxec.
The neqoxec is moderately wounded.
The neqoxec completely misses you. The neqoxec closely misses you.
You slash the neqoxec!
The neqoxec is heavily wounded.
You feel yourself speed up.
The neqoxec hits you but does no damage.
The neqoxec hits you!
You slice the neqoxec!!
You kill the neqoxec!
Your Fighting skill increases to level 9!
Your Long Blades skill increases to level 6!
Your Armour skill increases to level 9!
Your Dodging skill increases to level 6!
You have reached level 7!
There is an open door here.
Unknown command.
You now have 243 gold pieces.
There is an open door here.
You open the door. 2 boulder beetles come into view.
The boulder beetle leaps!
Found 243 gold pieces.
You hit the boulder beetle. Your punch misses the boulder beetle.
The boulder beetle is lightly wounded.
The boulder beetle bites you!
You slash the boulder beetle!
The boulder beetle is lightly wounded.
You recover from your berserk rage.
The boulder beetle misses you.
You hit the boulder beetle.
The boulder beetle is lightly wounded.
The boulder beetle leaps!
The boulder beetle closely misses you.
There is an open door here.
The boulder beetle attacks as you move away!
The boulder beetle bites you!
You die...

## ##
##. .##
#.. ..#
## #$#B#
#.###@#
#.##.##
#.'.B.+
#..##.##
#.###+#
##


You could see 2 boulder beetles.

Vanquished Creatures
  4 neqoxecs (D)
4 creatures vanquished.

Vanquished Creatures (others)
  A water moccasin (D)
1 creature vanquished.

Grand Total: 5 creatures vanquished

Notes
Turn   | Place    | Note
-------+----------+-------------------------------------------
     0 | D        | dialectric the Gargoyle Fighter began the quest for the
                  | Orb.
     0 | D        | Reached XP level 1. HP: 14/14 MP: 1/1
     7 | D        | Killed a water moccasin
     8 | D        | Noticed a neqoxec
     8 | D        | Noticed a neqoxec
     8 | D        | Noticed a neqoxec
     8 | D        | Noticed a neqoxec
     8 | D        | Gained mutation: You are frail. (-10% HP) [a neqoxec]
     9 | D        | Gained mutation: Your spells are a little easier to cast,
                  | but a little less powerful. [a neqoxec]
    14 | D        | Gained mutation: Your magical capacity is low. (-10% MP) [a
                  | neqoxec]
    15 | D        | Killed a neqoxec
    16 | D        | Reached XP level 2. HP: 20/20 MP: 1/1
    16 | D        | Reached XP level 3. HP: 25/25 MP: 2/2
    16 | D        | Reached XP level 4. HP: 28/28 MP: 3/3
    16 | D        | Reached XP level 5. HP: 33/33 MP: 4/4
    28 | D        | Gained mutation: You do not regenerate when monsters are
                  | visible. [a neqoxec]
    31 | D        | Killed a neqoxec
    32 | D        | Reached skill level 5 in Dodging
    32 | D        | Reached XP level 6. HP: 16/39 MP: 5/5
    34 | D        | Killed a neqoxec
    35 | D        | Reached skill level 5 in Long Blades
    40 | D        | Killed a neqoxec
    41 | D        | Reached XP level 7. HP: 23/45 MP: 6/6
    47 | D        | Noticed a boulder beetle
    47 | D        | Noticed a boulder beetle
    52 | D        | Slain by a boulder beetle

Illustrated notes

Levels and vault maps discovered:
D:        the_violet_keep_of_menkaure [sprint2_stairs_cluster_1,
          sprint2_shoproom, sprint2_temple, sprint2_basic_supplies,
          sprint2_obstacle_4, sprint2_obstacle_7, sprint2_obstacle_6,
          sprint2_obstacle_3, sprint2_obstacle_5, sprint2_timed_cluster_1,
          sprint2_smallroom_cluster_1, sprint2_smallroom_final_cluster_1,
          sprint2_transparent_cluster_1, sprint2_second_timed_cluster_1,
          sprint2_sniper_area_1, sprint2_heavy_combat_area_1,
          sprint2_mutation_trap_area_1, sprint2_forest_area_1,
          sprint2_light_combat_area_1, sprint2_behind_water_1,
          sprint2_near_end_vault_1]

Skill      XL: |  1  2  3  4  5  6 |
---------------+-------------------+-----
Fighting       | 6 8 9 |  9.4
Long Blades    | 3 4 6 |  6.3
Armour         | 6 7 9 |  9.0
Dodging        | 3 5 6 |  6.2
Shields        | |  3.2

Action                     |  1- 3 |  4- 6 |  7- 9 || total
---------------------------+-------+-------+-------++-------
  Melee: Long sword        |     6 |    23 |     3 ||    32
    Use: Potion            |     1 |     2 |       ||     3
 Armour: Scale mail        |     2 |     9 |       ||    11
  Dodge: Dodged            |     1 |    15 |     2 ||    18

Table legend: (Time is in decaauts)
 A = Elapsed time spent in this place.
 B = Non-inter-level travel time spent in this place.
 C = Inter-level travel time spent in this place.
 D = Time resting spent in this place.
 E = Time spent auto-exploring this place.
 F = Levels seen in this place.
 G = Mean time per level.
                   A        B        C        D        E       F      G
               +--------+--------+--------+--------+--------+-----+--------+
         Total |     62 |     62 |      0 |      0 |      0 |   1 |   62.0 |
       Dungeon |     62 |     62 |      0 |      0 |      0 |   1 |   62.0 |
               +--------+--------+--------+--------+--------+-----+--------+

Top non-repeatable levels by time:
       D: 62 daAuts
